[Event "German Rapid Championship 2022"]
[Site "Goettingen"]
[Date "2022.09.25"]
[Round "6.13"]
[White "Kersten, Uwe"]
[Black "Becker, Thomas"]
[Result "1/2-1/2"]
[ECO "C41"]
[WhiteElo "2261"]
[BlackElo "2124"]
[Annotator "TA"]
[PlyCount "75"]
[EventDate "2022.09.24"]
[EventType "swiss"]
[EventCountry "GER"]
[SourceTitle "playchess.com"]
[Source "ChessBase"]
[SourceQuality "1"]
[TimeControl "900+10"]

1. e4 e5 2. Nf3 d6 3. d4 exd4 4. Nxd4 Nf6 5. Nc3 Be7 6. Bf4 O-O 7. Qd2 Nc6 8. O-O-O Nxd4 9. Qxd4 a6 {[%emt 0:00:01] C41: Philidor Defence.} 10. e5 dxe5 11. Qxd8 ({White should try} 11. Qxe5 $14 Bd6 12. Qd4) 11... Bxd8 {[%emt 0:03:35] The position is equal.} 12. Bxe5 Re8 {[%emt 0:00:22] [#]} 13. Be2 $146 ({Predecessor:} 13. f3 b5 14. Bg3 Bb7 15. Bd3 c5 16. Rhe1 Ba5 17. Rxe8+ Rxe8 18. Bh4 c4 19. Bf5 {0-1 (71) Lujan,C (2379)-Bacallao Alonso,Y (2580) Mar del Plata 2012}) 13... Rxe5 14. Rxd8+ Re8 15. Rxe8+ Nxe8 16. Bf3 Rb8 17. Rd1 {[%emt 0:00:32] Strongly threatening Rd8.} Be6 18. Ne4 b6 {[%emt 0:01:29] Against Nc5} 19. Ng5 Nd6 20. Nxe6 fxe6 $14 {[%emt 0:00:03][%mdl 4096] Endgame KRB-KRN} 21. Bc6 Rf8 22. f3 Rf4 23. b3 Kf7 24. g3 Rf5 25. f4 e5 (25... h5 $11) 26. Bd7 {[%emt 0:00:18] White is more active.} Rh5 27. Bg4 Rxh2 28. fxe5 Ne4 29. Bf5 (29. Rd7+ $14 Kg6 30. Bf3 (30. Rxc7 Nxg3 31. e6 Rh1+ 32. Kd2 Ne4+ 33. Ke2 Ng5 $16) 30... Nxg3 31. e6) 29... Nxg3 $15 30. Rd7+ $2 (30. Bc8 $17) 30... Ke8 $19 31. Be6 Rh6 (31... Ne2+ $1 $19 32. Kd1 Nf4) 32. Bg4 (32. Rxg7 $17 {was worth a try.} Rxe6 33. Rxg3) 32... Rg6 $1 33. Bh3 {[%emt 0:00:02] [#]} (33. Rd4 $142) 33... Rh6 $2 (33... Ne2+ $1 $19 34. Kd2 Nf4) 34. Bg4 $11 Rg6 $2 (34... Rh1+ $11 35. Kb2 h5) 35. Bh3 $19 {[%emt 0:00:04] [#]} Ne2+ $1 ({And not} 35... Rh6 36. Bg4 $17) 36. Kb2 $2 (36. Kd2 Nf4 37. Bf5) 36... Nf4 37. Bf5 {Threatens to win with Rd4.} Rg5 38. Rd6 {[%mdl 32768] Weighted Error Value: White=0.44/Black=0.25 (precise) . An unexpected result.} 1/2-1/2

[Event "German Rapid Championship 2022"]
[Site "Goettingen"]
[Date "2022.09.25"]
[Round "7.1"]
[White "Fridman, Daniel"]
[Black "Bluebaum, Matthias"]
[Result "1/2-1/2"]
[ECO "A06"]
[WhiteElo "2607"]
[BlackElo "2647"]
[Annotator "TA"]
[PlyCount "77"]
[EventDate "2022.09.24"]
[EventType "swiss"]
[EventCountry "GER"]
[SourceTitle "playchess.com"]
[Source "ChessBase"]
[SourceQuality "1"]
[TimeControl "900+10"]

1. Nf3 d5 2. g3 Nf6 3. Bg2 c5 4. O-O g6 5. d4 cxd4 6. Nxd4 Bg7 7. c4 O-O 8. cxd5 Nxd5 9. Nb5 Be6 10. Nd4 Bc8 11. Nb3 {[%emt 0:01:46] D73: Fianchetto Grünfeld: 5 Nf3 .} e6 12. e4 Nb4 {[%emt 0:00:13] Strongly threatening ...Qxd1.} 13. Nc3 Nd3 14. Qe2 {[%emt 0:00:21] And now Be3 would win.} Nxc1 15. Raxc1 Nc6 16. Rfd1 Qe7 17. f4 Bxc3 18. Rxc3 {[%emt 0:00:20] With the idea e5.} e5 $1 {[%emt 0:00:02] [#]} 19. Qf2 $146 (19. f5 $5) ({Predecessor:} 19. f5 gxf5 20. Rf1 fxe4 21. Bxe4 f6 22. Qh5 Kh8 23. Rcf3 f5 24. Bxf5 Bxf5 25. Rxf5 Rxf5 26. Rxf5 Rf8 27. Kg2 Rxf5 28. Qxf5 {1-0 (58) Keymer,V (2672)-Shimanov,A (2581) Chess.com INT 2022}) 19... Bg4 20. Re1 Be6 21. Nc5 Rad8 22. a3 Bc8 23. Bf1 b6 24. Nd3 Bb7 25. Rec1 Rd6 26. Bg2 (26. fxe5 {seems wilder.} Nxe5 27. Rc7 Rd7 28. Rxd7 Nxd7 29. Rc7) 26... Rfd8 27. Nxe5 ({White should try} 27. Qe3 $15) 27... Nxe5 $17 28. fxe5 Rd1+ (28... Qxe5 {keeps more tension.} 29. Rc7 Rd1+ 30. Bf1 R1d7) 29. Bf1 Rxc1 30. Rxc1 Qxe5 31. Bc4 Rd7 (31... Qxe4 $2 {is a self mate.} 32. Qxf7+ Kh8 33. Qf6#) 32. Rf1 $1 Qxe4 (32... Qe7 $15) 33. Bxf7+ $11 {[%emt 0:00:03] The position is equal.} Kg7 $132 {[%emt 0:00:01][%csl Gb7][%cal Re4h1][%mdl 2048] [#] Black puts up resistance} 34. Qf6+ Kh6 35. Qf4+ Qxf4 36. Rxf4 Rd2 37. Rf2 {[%emt 0:00:02] Against Rg2+} Rd1+ 38. Rf1 Rd2 {[%emt 0:00:01] [#] ( -> ...Rg2+)} 39. Rf2 {[%emt 0:00:01] Prevents Rg2+.  Weighted Error Value: White=0.09 (flawless) /Black=0.09 (flawless)} 1/2-1/2

[Event "German Rapid Championship 2022"]
[Site "Goettingen"]
[Date "2022.09.25"]
[Round "7.2"]
[White "Poetsch, Hagen"]
[Black "Lubbe, Nikolas"]
[Result "1-0"]
[ECO "B33"]
[WhiteElo "2491"]
[BlackElo "2479"]
[Annotator "RC"]
[PlyCount "79"]
[EventDate "2022.09.24"]
[EventType "swiss"]
[EventCountry "GER"]
[SourceTitle "playchess.com"]
[Source "ChessBase"]
[SourceQuality "1"]
[TimeControl "900+10"]

1. e4 c5 2. Nf3 e6 3. d4 cxd4 4. Nxd4 Nf6 5. Nc3 Nc6 6. Ndb5 d6 7. Bf4 e5 8. Bg5 a6 9. Na3 b5 10. Bxf6 gxf6 11. Nd5 Bg7 12. c3 Ne7 13. Nxe7 Qxe7 14. Nc2 f5 15. exf5 O-O 16. Ne3 e4 17. Be2 Qe5 18. Qd5 Rb8 19. O-O b4 20. Rab1 Re8 21. Bc4 Qf6 22. cxb4 Rxb4 23. Rfd1 Rb6 24. b4 h5 25. Qa5 Rc6 26. Qa4 Bd7 27. Bd5 Rc7 28. Qxa6 Bxf5 29. Qa5 Rce7 30. Bc6 Re5 31. Nd5 Qg5 32. h4 Qxh4 33. Bxe8 Rxe8 34. Ne7+ Rxe7 35. Qxf5 e3 36. Rxd6 Bd4 37. g3 exf2+ 38. Kg2 Re1 39. gxh4 Rg1+ 40. Kh3 1-0

[Event "German Rapid Championship 2022"]
[Site "Goettingen"]
[Date "2022.09.25"]
[Round "7.3"]
[White "Svane, Rasmus"]
[Black "Laux, Dominik"]
[Result "1-0"]
[ECO "A06"]
[WhiteElo "2615"]
[BlackElo "2248"]
[Annotator "TA"]
[PlyCount "109"]
[EventDate "2022.09.24"]
[EventType "swiss"]
[EventCountry "GER"]
[SourceTitle "playchess.com"]
[Source "ChessBase"]
[SourceQuality "1"]
[TimeControl "900+10"]

1. Nf3 d5 2. g3 Nf6 3. Bg2 Bf5 4. c4 c6 5. O-O e6 6. Qb3 Qb6 7. d3 {[%emt 0:00:03] A11: English Opening: 1...c6.} Nbd7 8. cxd5 exd5 9. Qc2 {[%emt 0:00:04] The position is equal.} Be7 (9... Qc5 $5 10. Qa4 Qb4 $11) 10. Nc3 O-O 11. e4 Bg6 12. Be3 Qa6 13. Nh4 dxe4 14. dxe4 Rfe8 {[%emt 0:01:11] [#]} 15. Rad1 $146 ({Predecessor:} 15. Nxg6 hxg6 16. Rfd1 Rad8 17. h3 Bc5 18. Bf4 Nf8 19. Rxd8 Rxd8 20. e5 Nh5 21. Bg5 {1-0 (68) Naroditsky,D (2619)-Brown,M (2506) Chess.com INT 2018}) 15... Bc5 16. Rfe1 Bxe3 17. Rxe3 Qc4 18. Red3 Ne5 (18... Nc5 $14 19. Rd4 Qa6) 19. Rd4 $16 Qc5 {[%emt 0:00:16] [#]} 20. h3 (20. f4 $1 $18 {and White stays clearly on top.}) 20... b5 21. Qc1 h6 (21... Qb6 $142) 22. b4 Qb6 23. Kh2 (23. a4 $16) 23... Nc4 $2 (23... Rad8 $11 {and Black has nothing to worry.} 24. Rxd8 Nfg4+ 25. Kg1 Qxf2+ 26. Kh1 Qxg3 27. Rxe8+ Kh7 28. Rh8+ (28. hxg4 Nxg4 29. Nf3 Nf2+ 30. Kg1 Nh3+ 31. Kh1 Nf2+ 32. Kg1 Nh3+ 33. Kh1 Nf2+ $11) 28... Kxh8 29. Nxg6+ fxg6 30. hxg4 Nxg4) 24. f4 ({White should try} 24. Nxg6 $18 fxg6 25. f4) 24... Rad8 25. Rxd8 Rxd8 26. e5 (26. Rxd8+ $142 Qxd8 27. Nxg6 fxg6 28. e5) 26... Rxd1 27. Qxd1 (27. Nxd1 $14 Nd5 28. Nxg6 fxg6 29. Qb1) 27... Ne3 $11 28. Qf3 Nfd5 29. Nxd5 (29. f5 {looks sharper.} Bh7 30. e6 fxe6 31. fxe6 Nf6 32. e7) 29... Nxd5 (29... cxd5 $11 30. f5 Bh7) 30. f5 ({Better is} 30. e6 $16) 30... Bh7 $14 31. e6 Qc7 32. Qe2 {[%emt 0:00:11] Black must now prevent Bxd5. White stays focused until the end.} Kf8 33. exf7 {[%emt 0:00:15] White is more active.} Qxf7 34. Qe5 {[%emt 0:00:05] Threatens to win with Qb8+.} Qd7 {[%emt 0:00:01] [#]} (34... Qc7 $14 35. Qxc7 Nxc7) 35. a3 $40 {[%emt 0:00:11][%mdl 128] White wants a kill.} ({Worse is} 35. Bxd5 Qxd5 36. Qxd5 (36. Qb8+ Ke7 $11) 36... cxd5 $14) (35. Qb8+ $1 $18 Qe8 36. Qxa7) 35... Bg8 $2 (35... a6 $16 36. g4 Qc7 37. Qxc7 Nxc7 38. Bxc6 Ke7) 36. Ng6+ $18 Kf7 37. Nh8+ Kf8 38. Ng6+ Kf7 39. Qe4 (39. a4 $142 {Strongly threatening axb5.} Ne7 40. axb5 cxb5 41. Qb8 Nxg6 42. fxg6+ Kxg6 43. Qxg8) 39... Qd6 40. Qd4 Bh7 41. Qxa7+ Kf6 (41... Nc7 {was called for.} 42. a4 bxa4 43. Bxc6 (43. Qxa4 Bxg6 44. fxg6+ Kxg6 $16) 43... Bxg6 44. fxg6+ Kxg6 45. Qxa4 Qe5) 42. Qd4+ Kf7 43. Ne5+ Kf8 44. g4 ({Weaker is} 44. Nxc6 Qxc6 45. Bxd5 (45. Qxd5 Qxd5 46. Bxd5 Bxf5 $16) 45... Qc2+ 46. Bg2 Bxf5 47. Qd8+ Kf7 48. Qd5+ Kf6 49. Qxb5 Be4 50. Qf1+ Ke7 $18) 44... g6 $2 (44... Bg8 45. Kg1 Bf7) 45. fxg6 Bxg6 46. Kg1 $2 (46. Qc5 Qxc5 47. Nxg6+ Kg7 48. bxc5) 46... Be8 47. Nd3 Kg8 48. Qe5 {[%emt 0:00:06] Prevents Qg3.} Qd7 (48... Qxe5 $142 49. Nxe5 Ne7) 49. Nc5 Qf7 50. Ne4 Qa7+ 51. Kh2 Bf7 52. Nd6 Qxa3 $2 (52... Qe7 53. Nxf7 Qxf7) 53. Nf5 {[%emt 0:00:02][%csl Gf5][%cal Re5g7] White is clearly winning.} Qc3 54. Nxh6+ Kf8 55. Nxf7 {[%emt 0:00:02] Weighted Error Value: White=0.47/Black=0.39} 1-0

[Event "German Rapid Championship 2022"]
[Site "Goettingen"]
[Date "2022.09.25"]
[Round "7.4"]
[White "Heider, Martin"]
[Black "Spiess, Gunter"]
[Result "1-0"]
[ECO "A06"]
[WhiteElo "2393"]
[BlackElo "2384"]
[Annotator "TA"]
[PlyCount "67"]
[EventDate "2022.09.24"]
[EventType "swiss"]
[EventCountry "GER"]
[SourceTitle "playchess.com"]
[Source "ChessBase"]
[SourceQuality "1"]
[TimeControl "900+10"]

1. Nf3 d5 2. e3 Nf6 3. c4 e6 4. Nc3 dxc4 5. Bxc4 c5 6. O-O a6 7. d4 b5 8. Be2 Bb7 9. dxc5 Bxc5 10. Qxd8+ Kxd8 11. Nd2 {[%emt 0:00:54] D27: Queen's Gambit Accepted: Classical main line: 7 e4!? and 7 a4.} Nbd7 12. Nb3 Bb6 13. a4 {[%emt 0:00:25] White is slightly better.} b4 14. a5 Bc7 15. Na4 Bd6 (15... Bd5 $1 $14 16. Bf3 Ne4) 16. Rd1 {[%emt 0:01:09] [#]} Ke7 $146 ({Predecessor:} 16... Bd5 17. Nd2 Ke7 18. Nc4 Bxc4 19. Bxc4 Rhc8 20. Be2 Bc7 21. Bd2 Bxa5 22. Rdc1 Rxc1+ 23. Rxc1 {1-0 (31) Girya,O (2479)-Semenova,E (2263) Sochi 2018}) 17. f3 Bd5 18. Nd4 Rhc8 19. e4 Bc4 20. Bxc4 Rxc4 21. Be3 Rac8 $2 (21... Be5 $16 {is a better defense.}) 22. Nb6 $18 Nxb6 23. axb6 Be5 24. Rxa6 $2 (24. Nb3 $18) 24... Bxd4 $4 (24... Rd8 $16 {is tougher.}) 25. Bxd4 {[%emt 0:01:15] Hoping for Ra7+.} ({Weaker is} 25. Rxd4 Rxd4 26. Bxd4 Nd7 27. Bxg7 Rc6 $18) 25... Nd7 26. Ra7 Rc1 27. Rxc1 Rxc1+ {[%emt 0:00:02][%mdl 4096] Endgame KRB-KRN} 28. Kf2 {[%emt 0:00:00] Rc7 is the strong threat.} Kd6 {[%emt 0:00:50] Prevents Rc7.} 29. Bxg7 (29. e5+ Ke7 30. b7) 29... f6 $2 (29... Rc8 {is more resistant.} 30. f4 Nxb6 31. Be5+ Kc6 32. Rxf7 Nc4 33. Rxh7 Nxe5) 30. b7 {[%emt 0:00:12] White is clearly winning.} Rc2+ 31. Kg3 Rxb2 {[%emt 0:00:22] [#]} 32. Bxf6 $1 e5 {[%emt 0:00:03] [#]} (32... Rc2 33. Ra8) 33. Ra5 $1 {[%emt 0:00:25] Threatening mate with Rd5+.} Kc6 {[%emt 0:00:12] [#]} (33... Kc7 34. Rb5) 34. Rd5 $1 {[%emt 0:00:11] Black did not feel at home in the position after the opening.  Weighted Error Value: White=0.50/Black=0.82} 1-0

[Event "German Rapid Championship 2022"]
[Site "Goettingen"]
[Date "2022.09.25"]
[Round "7.5"]
[White "Arndt, Magnus"]
[Black "Krastev, Alexander"]
[Result "1-0"]
[ECO "B40"]
[WhiteElo "2384"]
[BlackElo "2431"]
[Annotator "TA"]
[PlyCount "113"]
[EventDate "2022.09.24"]
[EventType "swiss"]
[EventCountry "GER"]
[SourceTitle "playchess.com"]
[Source "ChessBase"]
[SourceQuality "1"]
[TimeControl "900+10"]

1. e4 c5 2. Nf3 e6 3. c3 d5 4. exd5 Qxd5 5. d4 Nf6 6. Na3 Nc6 7. Be3 cxd4 {[%emt 0:01:09] B22: Sicilian: 2 c3.} 8. Nb5 $1 ({But not} 8. Nxd4 Bxa3 9. bxa3 O-O $15) 8... Qd7 {[%emt 0:00:35] Inhibits Nc7+.} 9. Nfxd4 a6 {[%emt 0:00:48] The position is equal.} 10. Nxc6 Qxc6 11. Nd4 Qc7 {[%emt 0:00:01] [#]} 12. Be2 $146 ({Predecessor:} 12. Bd3 Nd5 13. Bd2 g6 14. O-O Bg7 15. Qa4+ Bd7 16. Qa3 Bxd4 17. cxd4 Bc6 18. Be4 {0-1 (39) Mammadov,Z (2391)-Esen,B (2476) Ankara 2022}) 12... Be7 13. O-O O-O 14. Qc2 Nd5 15. Bd2 b6 16. Bf3 {[%emt 0:00:24] [#] c4 is the strong threat.} (16. Bd3 $5 ) 16... Bb7 17. c4 Nb4 18. Bxb4 Bxb4 19. Rac1 Rfd8 20. Rfd1 Be7 21. Qe2 $1 Bf6 22. Bxb7 Qxb7 23. Nf3 g6 24. b3 Qc7 25. h3 Qc5 26. Rxd8+ Rxd8 27. Rd1 Rxd1+ 28. Qxd1 $11 {[%emt 0:00:01][%mdl 4096] Endgame KQB-KQN} Qa3 29. Qd2 Kg7 30. Ne1 Qb2 31. Qxb2 Bxb2 {[%emt 0:00:01] KB-KN} 32. Nd3 Bd4 33. Kf1 a5 34. Ke2 f5 35. f4 Kf6 36. a3 h6 37. b4 a4 38. g3 g5 39. Kf3 Ke7 40. g4 Kf6 41. gxf5 Kxf5 42. fxg5 hxg5 43. c5 (43. Ne1 $11 {keeps the balance.}) 43... e5 $17 {[%emt 0:00:19][%cal Be6e5,Be5e4][%mdl 32] White must now prevent ...e4+.} 44. c6 {[%emt 0:00:30] Strongly threatening c7.} e4+ 45. Kg2 {[%emt 0:00:01] aiming for c7.} Ke6 (45... exd3 $2 46. c7 $18) 46. Ne1 (46. Nf2 $17 e3 47. Nd3) 46... Kd6 (46... Be5 $142 47. b5 Kd5) 47. b5 $19 Be5 48. Kf2 {[%emt 0:00:23] [#]} Bf4 (48... Kd5 $1 $19 {Hoping for ...Bd6.} 49. Ng2 Bd6) 49. Ng2 $1 $11 Bc1 (49... Be5 $11) 50. Ne3 $18 Kc7 51. Nd5+ Kb8 52. Nxb6 Bxa3 53. Nxa4 {[%emt 0:00:02] White mates.} Bc1 54. b6 Bd2 55. Nc5 Ba5 56. Na6+ Ka8 57. b7+ {[%emt 0:00:01] Weighted Error Value: White=0.16 (very precise) /Black=0.29 (precise)} 1-0

[Event "German Rapid Championship 2022"]
[Site "Goettingen"]
[Date "2022.09.25"]
[Round "7.6"]
[White "Langrock, Hannes"]
[Black "Kopylov, Michael"]
[Result "0-1"]
[ECO "D02"]
[WhiteElo "2358"]
[BlackElo "2371"]
[Annotator "TA"]
[PlyCount "72"]
[EventDate "2022.09.24"]
[EventType "swiss"]
[EventCountry "GER"]
[SourceTitle "playchess.com"]
[Source "ChessBase"]
[SourceQuality "1"]
[TimeControl "900+10"]

1. d4 d5 2. Nf3 Nf6 3. g3 e6 4. Bg2 Be7 5. O-O O-O 6. c4 c6 7. Qc2 b6 8. Nbd2 Bb7 9. e4 Na6 10. a3 {[%emt 0:00:43] The main line 10.a3 scores better than 10.e5. E06: Closed Catalan: Early deviations.} Rc8 11. b4 c5 12. exd5 {[%emt 0:00:20] White is slightly better.} exd5 13. dxc5 bxc5 14. b5 Nc7 15. Ne5 Ne6 {[%emt 0:00:35] [#]} 16. Nb3 $146 (16. Bb2 $14) ({Predecessor:} 16. Bb2 Nd4 17. Qa4 Qc7 18. Rfe1 Bd6 19. Bxd4 cxd4 20. Nd3 a6 21. cxd5 Qc3 22. bxa6 {½-½ (42) Flear,G (2490)-Garcia Palermo,C (2530) Zenica 1987}) 16... Qc7 $11 17. Bb2 dxc4 18. Qxc4 Bxg2 19. Kxg2 Qb7+ (19... Ne8 $15) 20. Nc6 $16 Nd7 (20... Bd8 $16) 21. Nba5 $1 $18 Qa8 22. Qd5 Bf6 23. Qxd7 Bxb2 24. Ra2 Rc7 {[%emt 0:00:44] [#]} 25. Qd5 (25. Qd3 $1 $16 Bf6 26. f3) 25... Bc3 $132 {[%emt 0:00:12][%mdl 2048] Black is not keeping still} 26. Nc4 {[%emt 0:00:18][%mdl 8192] [#]} (26. Rd1 $1 $11 {and White has nothing to worry.}) 26... Nd4 $2 (26... a6 $1 $19 27. Nb6 Qb7) 27. a4 (27. Rc1 $15) 27... Nxc6 $17 28. bxc6 Qxc6 (28... Rd8 $17 29. Qf3 Qxc6) 29. Rd1 Bd4 30. Qxc6 Rxc6 31. Rd3 (31. Rb1 $15) 31... Rb8 32. Re2 g6 33. Re7 Rb4 34. Na5 Ra6 ({Black should try} 34... Rc8 $19 {aiming for ...Rb2.} 35. Rxa7 Rb2) 35. Nb7 (35. Nb3 $15) 35... Rf6 ({Black should play} 35... Rbxa4 $19 36. Rc7 Ra2) 36. Re2 $2 Rxb7 {Never resign too early!  Weighted Error Value: White=0.60/Black=0.44} 0-1

[Event "German Rapid Championship 2022"]
[Site "Goettingen"]
[Date "2022.09.25"]
[Round "7.7"]
[White "Feuerstack, Aljoscha"]
[Black "Langheinrich, Ferenc"]
[Result "1-0"]
[ECO "B06"]
[WhiteElo "2464"]
[BlackElo "2366"]
[Annotator "TA"]
[PlyCount "75"]
[EventDate "2022.09.24"]
[EventType "swiss"]
[EventCountry "GER"]
[SourceTitle "playchess.com"]
[Source "ChessBase"]
[SourceQuality "1"]
[TimeControl "900+10"]

1. e4 g6 2. d4 Bg7 3. Nf3 d6 4. Bd3 Nf6 5. O-O O-O 6. h3 Nc6 7. c3 e5 8. Re1 Re8 9. Na3 a6 {[%emt 0:01:03] B07: Pirc Defence: Miscellaneous Systems.} 10. Nc2 exd4 11. cxd4 {[%emt 0:00:06] [#]} d5 $146 {[%emt 0:00:01][%cal Rd5e4] White is slightly better.} ({Predecessor:} 11... h6 12. Bf4 d5 13. e5 Ne4 14. Nd2 Bf5 15. Nxe4 dxe4 16. Bxe4 Bxe4 17. Rxe4 Qd5 {½-½ (42) Svetushkin,D (2574)-Bortnyk,O (2566) Kishinev 2017}) 12. e5 Ne4 {[%emt 0:00:06] Against Bg5} 13. Bxe4 dxe4 14. Ng5 Qd5 15. Bf4 h6 16. Nxe4 {[%emt 0:00:15][%cal Of4h6] [#] Strongly threatening Bxh6!} Bf5 $1 17. Nf6+ (17. f3 $1 $14) 17... Bxf6 $11 18. exf6 Rxe1+ 19. Nxe1 Nxd4 20. Bxh6 Re8 21. Be3 c5 22. Qd2 Be4 (22... Rd8 $11) 23. Rd1 $16 Bxg2 $2 {[%emt 0:02:01] Loses the game.} 24. Bxd4 $18 Bxh3 {[%emt 0:00:01] ( -> ...Rxe1+)} 25. Be3 Qf5 26. Qd6 Qg4+ 27. Kh2 ({Much less strong is} 27. Kh1 $6 Bf1 $18) 27... Bf1 28. Rd2 ({Don't take} 28. Bxc5 $6 Qh5+ 29. Kg1 Bb5 $16) ({But not} 28. Qd7 $6 Qh4+ 29. Kg1 Bb5 $16) 28... Qh3+ 29. Kg1 Re4 $2 (29... Bb5) 30. Qb8+ Kh7 {[%emt 0:00:02] [#]} 31. Qh2 $2 (31. f3 $1 {[%cal Ob8f8] Threatening mate with Qf8!} Rg4+ 32. Kf2) 31... Rg4+ 32. Kh1 $1 Rh4 33. Qxh3 Rxh3+ 34. Kg1 Bb5 35. Bxc5 g5 36. f3 Kg6 37. Rh2 Rg3+ (37... Rxh2 38. Kxh2 Kxf6) 38. Kf2 {[%emt 0:00:03] Weighted Error Value: White=0.32/Black=0.29 (precise)} 1-0

[Event "German Rapid Championship 2022"]
[Site "Goettingen"]
[Date "2022.09.25"]
[Round "7.8"]
[White "Muckle, Julius"]
[Black "Carlstedt, Jonathan"]
[Result "1-0"]
[ECO "D41"]
[WhiteElo "2401"]
[BlackElo "2433"]
[Annotator "TA"]
[PlyCount "81"]
[EventDate "2022.09.24"]
[EventType "swiss"]
[EventCountry "GER"]
[SourceTitle "playchess.com"]
[Source "ChessBase"]
[SourceQuality "1"]
[TimeControl "900+10"]

1. d4 Nf6 2. c4 e6 3. Nf3 d5 4. Nc3 c5 5. cxd5 exd5 6. Bg5 Be6 7. e3 c4 {[%emt 0:00:02] D32: Tarrasch Defence: Sidelines and lines without g3.} 8. Be2 Nbd7 9. O-O Bb4 {[%emt 0:00:07] White is slightly better.} 10. Ne5 O-O 11. f4 {[%emt 0:00:53] [#]} (11. Nxd7 $14 {might be stronger.} Qxd7 12. Bxf6 gxf6 13. Bh5) 11... h6 $146 ({Predecessor:} 11... Bxc3 12. bxc3 Bf5 13. g4 Be4 14. Bf3 Bxf3 15. Qxf3 Qa5 16. Nxd7 Nxd7 17. Be7 Rfe8 {0-1 (31) Rostovtsev,D (2302)-Shuvalova,P (2498) Chess.com INT 2022}) 12. Bh4 {[%emt 0:00:30] Black must now prevent f5.} Bxc3 13. bxc3 {[%emt 0:00:05] Hoping for f5.} Bf5 14. Bf3 Qa5 15. Nxd7 ({Better is} 15. g4 $14 Bh7 16. f5) 15... Nxd7 $15 16. Be7 (16. g4 $15 Bd3 17. Rf2) 16... Rfe8 $17 17. Bb4 Qb5 18. Re1 a5 19. Ba3 Qc6 20. g4 (20. Bc1 $17) 20... Bd3 $19 21. h4 {[%emt 0:00:20] [#]} b5 $1 22. g5 Rab8 23. Qd2 Be4 24. Bg4 (24. Bxe4 $142 Rxe4 25. Rab1) 24... Nb6 25. Rac1 Na4 26. Bd1 $2 {[%emt 0:02:52] [#]} (26. Rf1) 26... Nxc3 $1 27. Qxc3 ({And not} 27. Rxc3 b4 28. Bxb4 axb4 $19) 27... b4 28. Qb2 bxa3 29. Qxa3 Qe6 {[%emt 0:00:02] aiming for ...Qh3.} 30. Kh2 {[%emt 0:00:08] Inhibits Qh3+.} hxg5 31. hxg5 g6 {[%emt 0:00:05] Threatens to win with ...f6.} 32. Kg3 Kg7 {[%emt 0:01:55] And now ...Rh8 would win.} 33. Bg4 Qb6 34. Re2 Bd3 35. Ree1 Qb4 36. Qc3 Rh8 37. Bf3 Rbd8 38. a3 (38. Bg2 $142) 38... Qb5 39. e4 Qd7 ({Black should play} 39... Rb8 $19 40. exd5 Qd7) 40. Bg4 {[%emt 0:00:02] [#]} (40. Rh1 $1 $15) 40... Qc7 $4 (40... Qd6 $1 $19 {and life is good for Black.} 41. e5 Qa6) 41. Qxd3 $1 {[%emt 0:00:04] Quite a comeback for White.  Weighted Error Value: White=0.48/Black=0.48} 1-0

[Event "German Rapid Championship 2022"]
[Site "Goettingen"]
[Date "2022.09.25"]
[Round "7.9"]
[White "Woelk, Tom-Frederic"]
[Black "Reichmann, Hendrik"]
[Result "1/2-1/2"]
[ECO "B28"]
[WhiteElo "2289"]
[BlackElo "2307"]
[Annotator "RC"]
[PlyCount "71"]
[EventDate "2022.09.24"]
[EventType "swiss"]
[EventCountry "GER"]
[SourceTitle "playchess.com"]
[Source "ChessBase"]
[SourceQuality "1"]
[TimeControl "900+10"]

1. e4 c5 2. Nf3 a6 3. c4 Nc6 4. d4 cxd4 5. Nxd4 e5 6. Nb3 Nf6 7. Bd3 d6 8. Nc3 Be7 9. O-O O-O 10. Nd5 Nxd5 11. cxd5 Nb8 12. Bd2 f5 13. exf5 Bxf5 14. Bxf5 Rxf5 15. Qg4 g6 16. f4 Nd7 17. fxe5 Nxe5 18. Qe4 Rxf1+ 19. Rxf1 Qb6+ 20. Be3 Qb5 21. Bd4 Qd3 22. Qe1 Re8 23. Qb4 Rf8 24. Rxf8+ Bxf8 25. h3 Bh6 26. Qe1 Bf4 27. Kh1 a5 28. Qxa5 Qf1+ 29. Bg1 Be3 30. Qd8+ Kf7 31. Qc7+ Ke8 32. Qc8+ Kf7 33. Qe6+ Kg7 34. Qe7+ Kg8 35. Qe8+ Kg7 36. Qe7+ 1/2-1/2